Map: Prion Terraces

Players

Bubs

  • Race: Protoss Protoss
  • League: Diamond

LilDicky - Winner!

  • Race: Terran Terran
  • League: Diamond

VOD

http://www.twitch.tv/tumescentpie

Description

Time

  • Played on: Dec. 7, 2015, 11:43 p.m.
  • Length: 7:17
Show
View Real Time Build Order
Export as new Build Order

Bubs Protoss 

Build Orders: 1 Gate Expand 

Get SALT Encoding   

  12  0:00  Probe (Chrono Boost)  
  13  0:11  Probe (Chrono Boost)  
  14  0:17  Pylon  
  14  0:22  Probe (Chrono Boost)  
  16  0:35  Probe (Chrono Boost)  
  16  0:36  Gateway  
  16  0:45  Assimilator  
  16  0:46  Probe (Chrono Boost)  
  17  1:04  Probe (Chrono Boost)  
  18  1:16  Nexus  
  18  1:27  Cybernetics Core  
  18  1:30  Probe (Chrono Boost)  
  19  1:41  Probe (Chrono Boost)  
  20  1:51  Probe (Chrono Boost), Pylon  
  21  2:03  Mothership Core (Chrono Boost), Gateway  
  23  2:09  Zealot  
  25  2:21  Probe (Chrono Boost)  
  26  2:29  Probe (Chrono Boost)  
  26  2:32  Probe (Chrono Boost)  
  26  2:33  Warp Gate (Chrono Boost)  
  28  2:38  Gateway, Pylon  
  28  2:50  Probe  
  28  2:52  Probe  
  30  3:03  Robotics Facility  
  31  3:08  Assimilator  
  31  3:11  Pylon  
  30  3:13  Pylon  
  30  3:17  Pylon  
  23  3:54  Observer (Chrono Boost)  
  24  4:02  Gateway  
  24  4:04  Pylon  
  19  4:21  Probe  
  19  4:22  Probe (Chrono Boost)  
  21  4:33  Probe (Chrono Boost)  
  21  4:34  Probe (Chrono Boost)  
  22  5:04  Probe x2 (Chrono Boost)  
  22  5:14  Probe x2 (Chrono Boost), Zealot x4  
  30  5:35  Stalker  
  32  5:36  Zealot x3  
  36  5:54  Probe (Chrono Boost)  
  36  5:55  Probe (Chrono Boost)  
  38  6:05  Probe (Chrono Boost)  
  38  6:10  Probe (Chrono Boost)  
  40  6:15  Probe (Chrono Boost)  
  41  6:20  Probe (Chrono Boost)  
  42  6:26  Probe (Chrono Boost)  
  42  6:31  Probe (Chrono Boost)  
  44  6:36  Probe (Chrono Boost)  
  44  6:37  Zealot x4  
  49  6:41  Probe (Chrono Boost)  
  48  6:47  Probe (Chrono Boost)  
  37  6:59  Zealot x4  
Show
View Real Time Build Order
Export as new Build Order

LilDicky Terran - Winner!

Build Orders: MMM Bio 

Get SALT Encoding   

  12  0:02  SCV  
  13  0:14  SCV  
  13  0:18  Supply Depot  
  14  0:26  SCV  
  15  0:30  Refinery  
  15  0:40  SCV  
  16  0:46  Barracks  
  16  0:52  SCV  
  17  1:04  SCV  
  18  1:16  SCV  
  19  1:28  SCV  
  20  1:34  Marine  
  20  1:35  Supply Depot  
  20  1:38  Factory  
  21  1:41  Orbital Command  
  21  1:52  Marine  
  22  2:00  Barracks  
  22  2:06  Barracks  
  22  2:09  SCV  
  23  2:20  Barracks Reactor  
  23  2:22  SCV  
  24  2:31  Refinery  
  24  2:33  Supply Depot  
  24  2:34  SCV  
  24  2:36  Widow Mine  
  27  2:53  Barracks Tech Lab x2  
  27  2:58  SCV  
  27  2:59  Marine x2  
  27  3:04  Widow Mine  
  32  3:10  SCV  
  32  3:18  Stimpack  
  31  3:34  Bunker, Marine x2  
  31  3:35  Combat Shields  
  33  3:44  Supply Depot  
  33  3:55  Supply Depot  
  33  4:12  Supply Depot  
  33  4:16  SCV, Marine x3  
  37  4:19  Starport  
  37  4:24  Hellion  
  37  4:34  Marine x3  
  40  4:40  SCV  
  40  4:44  Supply Depot  
  41  4:51  Hellion  
  41  4:52  SCV, Marine x3  
  45  5:00  Medivac  
  47  5:09  Marine x2  
  47  5:12  Marine  
  49  5:27  Marine  
  46  5:52  Supply Depot, Marauder, Marine x2  
  52  5:57  Medivac  
  54  6:08  Command Center  
  54  6:09  Marine  
  54  6:10  Concussive Shells  
  55  6:13  Marine  
  55  6:14  Marauder  
  56  6:23  Supply Depot  
  56  6:27  Marine  
  56  6:31  Marine  
  58  6:35  Marauder  
  60  6:45  Marine  
  61  6:49  Marauder  
  63  6:56  Marine  
Tags
 
Add a new tag
Caveats
  • Supply blocks, unpowered buildings, or Contaminate may cause inaccurate times.
  • Supply counts are checked every 10 seconds.